 Dungeon Crawl Stone Soup version 0.17-a0-1778-gd369669 (webtiles) character file.

100 LordVetinari the Caller (level 4, 0/30 HPs)
             Began as a Mummy Summoner on Sept 8, 2015.
             Slain by a giant newt (3 damage)
             ... on level 3 of the Dungeon.
             The game lasted 00:31:38 (3635 turns).

LordVetinari the Caller (Mummy Summoner)            Turns: 3635, Time: 00:31:38

Health: 0/30       AC:  3    Str: 11    XL:     4   Next: 46%
Magic:  8/8        EV: 12    Int: 15    God:
Gold:   166        SH:  0    Dex: 12    Spells: 3 memorised, 3 levels left

rFire  x . .     SeeInvis .     j - +0 dagger
rCold  + . .     Clarity  .     a - +0 robe
rNeg   + + +     SustAt   .     (no shield)
rPois  ∞         Gourm    .     (no helmet)
rElec  .         Spirit   .     (no cloak)
rCorr  .         Warding  .     (no gloves)
rMut   .         Stasis   .     i - +0 pair of boots
MR     .....                    (no amulet)
Stlth  ++........               (no ring)
                                (no ring)

@: not resistant to hostile enchantments, unstealthy
A: no food or potions, fire vulnerability, cold resistance 1, negative energy
resistance 3, torment resistance, unbreathing
a: no special abilities


You were on level 3 of the Dungeon.
You were not hungry.

You visited 1 branch of the dungeon, and saw 3 of its levels.

You collected 166 gold pieces.

Inventory:

Hand weapons
 j - a +0 dagger (weapon)
Armour
 a - a +0 robe (worn)
 i - a +0 pair of boots (worn)
Jewellery
 c - a +2 ring of intelligence {unknown}
Scrolls
 d - 2 scrolls of blinking {unknown}
 e - a scroll of noise {unknown}
 g - 2 scrolls of identify {unknown}
 h - a scroll of enchant weapon {unknown}
 k - a scroll of magic mapping {unknown}
 l - a scroll of fear {unknown}
 m - a scroll of remove curse {unknown}
 n - a scroll of immolation {unknown}
Books
 b - a book of Callings

   Spells                             Type                      Level
   a - Summon Small Mammal            Summoning                    1
   b - Call Imp                       Summoning                    2
   c - Call Canine Familiar           Summoning                    3
   d - Summon Guardian Golem          Hexes/Summoning              3
   e - Summon Lightning Spire         Summoning/Air                4
   f - Summon Ice Beast               Ice/Summoning                4
Comestibles
 f - 3 fruits


   Skills:
 - Level 1.9 Dodging
 - Level 1.7 Stealth
 + Level 3.2 Spellcasting
 + Level 0.1 Hexes
 * Level 4.0 Summonings


You had 3 spell levels left.
You knew the following spells:

 Your Spells              Type           Power        Failure   Level  Hunger
a - Summon Small Mammal   Summ           ##..         4%          1    N/A
b - Call Imp              Summ           ##......     8%          2    N/A
c - Summon Guardian Gole  Hex/Summ       #.......     30%         3    N/A

Dungeon Overview and Level Annotations

Branches:
Dungeon (3/15)

Altars:
Qazlal
Xom
Yredelemnul

Annotations:
D:3 Pikaro's ghost, average DrVM


Innate Abilities, Weirdness & Mutations

You do not eat or drink.
Your flesh is vulnerable to fire.
You are immune to poison.
Your flesh is cold resistant.
You are immune to negative energy.
You are immune to unholy pain and torment.
You can survive without breathing.


Message History

The giant newt closely misses you. The giant newt barely misses you.
The giant newt barely misses you.
The giant newt bites you but does no damage.
The giant newt closely misses you. The giant newt bites you.
* * * LOW HITPOINT WARNING * * *
The giant newt barely misses you. The giant newt closely misses you.
The giant newt barely misses you.
The giant newt bites you but does no damage.
The giant newt closely misses you. The giant newt closely misses you.
The giant newt barely misses you. The giant newt barely misses you.
The giant newt barely misses you. The giant newt closely misses you.
The giant newt bites you but does no damage.
The giant newt bites you.
You die...

################
#..............#
#............$.#
#..............#
#..............#
####..............#
#.l@..........[...##
#.#................. #
#............!..##
#....#..........##
#.##.#.....)....##
#.#..#..........##
#.#..#....########
###+#....#....# ######
........##....###....#


You could see a giant newt.

Vanquished Creatures
  An adder (D:2)
  3 hobgoblins
  2 quokkas (D:3)
  3 bats
  A giant newt (D:1)
  3 goblins (D:2)
  A kobold (D:3)
  4 rats (D:2)
18 creatures vanquished.

Vanquished Creatures (collateral kills)
  An orc priest (D:3)
  6 adders
  An ooze (D:2)
  2 worms (D:2)
  2 giant geckos (D:2)
  3 orcs (D:3)
  A bat (D:2)
  A giant cockroach (D:1)
  4 goblins
  6 hobgoblins
  3 kobolds
  5 rats
35 creatures vanquished.

Vanquished Creatures (others)
  3 plants (D:2)
3 creatures vanquished.

Grand Total: 56 creatures vanquished

Notes
Turn   | Place    | Note
--------------------------------------------------------------
     0 | D:1      | LordVetinari the Mummy Summoner began the quest for the Orb.
     0 | D:1      | Reached XP level 1. HP: 13/13 MP: 3/3
  1079 | D:2      | Reached XP level 2. HP: 19/19 MP: 0/5
  1083 | D:2      | Learned a level 2 spell: Call Imp
  1704 | D:2      | Reached XP level 3. HP: 22/24 MP: 3/6
  1709 | D:2      | Learned a level 3 spell: Summon Guardian Golem
  1906 | D:2      | Found a stormy altar of Qazlal.
  2452 | D:2      | Found a basalt altar of Yredelemnul.
  2955 | D:3      | Found a shimmering altar of Xom.
  2956 | D:3      | Found a shimmering altar of Xom.
  2956 | D:3      | Found a shimmering altar of Xom.
  2956 | D:3      | Found a shimmering altar of Xom.
  2988 | D:3      | Reached XP level 4. HP: 25/30 MP: 0/8
  3166 | D:3      | Noticed Pikaro's ghost (average DrVM)
  3313 | D:3      | Reached skill level 4 in Summonings
  3623 | D:3      | HP: 1/30 [giant newt (1)]
  3635 | D:3      | Slain by a giant newt

Vault maps used:
D:1:      ncdulo_lavacross
D:2:      old_standard_altar, yredelemnul_altar_generic, first_bread,
          hangedman_glass_teeth, mrwooster_statue_mirror, uniq_robin
D:3:      xom_redecorated

Action                   |  1- 3 |  4- 6 || total
-------------------------+-------+-------++-------
Melee: Unarmed           |    11 |       ||    11
       Dagger            |    74 |    35 ||   109
 Cast: Summon Small Mamm |    27 |     1 ||    28
       Call Imp          |    25 |     9 ||    34
       Summon Guardian G |     3 |       ||     3
 Stab: Sleeping          |     2 |       ||     2
